 Dungeon Crawl Stone Soup version 0.23.1 (webtiles) character file.

Game seed: 7174815445461315720

3627 Honti the Arsonist (level 9, 0/49 HPs)
             Began as a Deep Elf Fire Elementalist on Mar 16, 2019.
             Was a Follower of Vehumet.
             Slain by a hippogriff (7 damage)
             ... on level 9 of the Dungeon.
             The game lasted 00:30:21 (10428 turns).

Honti the Arsonist (Deep Elf Fire Elementalist)    Turns: 10428, Time: 00:30:22

Health: 0/49       AC:  4    Str:  7    XL:     9   Next: 87%
Magic:  1/23       EV: 15    Int: 24    God:    Vehumet [*.....]
Gold:   522        SH:  0    Dex: 18    Spells: 11/24 levels left

rFire    . . .     SeeInvis .   j - +6 dagger of Fee Simple {pierce, rElec rC+ Str+4}
rCold    + . .     Gourm    .   (no shield)
rNeg     . . .     Faith    .   a - +0 robe
rPois    .         Spirit   .   A - +0 helmet
rElec    +         Reflect  .   m - +0 cloak
rCorr    .         Harm     .   (no gloves)
MR       .....     Clarity  +   e - +0 pair of boots
Stlth    +++.......             (no amulet)
HPRegen  0.16/turn              p - +3 ring of dexterity
MPRegen  0.18/turn              y - ring of stealth

@: no status effects
A: clarity, deformed body, weak 1
a: Renounce Religion


You were on level 9 of the Dungeon.
You worshipped Vehumet.
Vehumet was aware of your devotion.
You were hungry.

You visited 2 branches of the dungeon, and saw 10 of its levels.

You collected 522 gold pieces.

Inventory:

Hand Weapons
 j - the +6 dagger of Fee Simple (weapon) {pierce, rElec rC+ Str+4}
   (You found it on level 4 of the Dungeon)

   It inflicts extra damage upon your enemies.
   It affects your strength (+4).
   It protects you from cold.
   It insulates you from electricity.
Missiles
 r - 116 stones (quivered)
Armour
 a - a +0 robe (worn)
 e - a +0 pair of boots (worn)
 m - a +0 cloak (worn)
 A - a +0 helmet (worn)
Jewellery
 p - a +3 ring of dexterity (left hand)
 y - a ring of stealth (right hand)
Wands
 g - a wand of scattershot (12)
 n - a wand of iceblast (16)
 v - a wand of polymorph (6)
 x - a wand of flame (30)
 D - a wand of enslavement (12)
Scrolls
 d - 3 scrolls of amnesia
 f - 2 scrolls of enchant weapon
 h - 7 scrolls of teleportation
 k - a scroll of magic mapping
 l - a scroll of fear
 z - 3 scrolls of remove curse
 B - a scroll of enchant armour {unknown}
 F - 2 scrolls of silence {unknown}
 H - a scroll of identify
Potions
 b - a potion of lignification
 o - 2 potions of cancellation
 q - a potion of brilliance
 s - a potion of mutation
 t - 3 potions of heal wounds {unknown}
 u - a potion of agility {unknown}
 w - 3 potions of haste {unknown}
 E - a potion of invisibility {unknown}
 G - a potion of resistance {unknown}
Comestibles
 c - 18 rations


   Skills:
 + Level 2.5 Fighting
 + Level 4.7 Dodging
 - Level 2.4 Stealth
 + Level 8.4 Spellcasting
 * Level 9.2 Conjurations
 * Level 9.8 Fire Magic


You had 11 spell levels left.
You knew the following spells:

 Your Spells              Type           Power        Failure   Level  Hunger
a - Flame Tongue          Conj/Fire      #####        1%          1    None
b - Conjure Flame         Conj/Fire      ######..     1%          3    None
c - Sticky Flame          Conj/Fire      ######..     1%          4    ##.....
d - Fireball              Conj/Fire      ######....   3%          5    ####...

Your spell library contained the following spells:

 Spells                   Type           Power        Failure   Level  Hunger
 Sandblast                Erth           ##....       6%          1    None
 Throw Flame              Conj/Fire      ######       1%          2    None
 Throw Frost              Conj/Ice       ####..       1%          2    None
 Inner Flame              Hex/Fire       ####....     2%          3    None
 Animate Skeleton         Necr           N/A          6%          1    None
 Apportation              Tloc           ##....       6%          1    None
 Confusing Touch          Hex            ##....       6%          1    None
 Corona                   Hex            ##.....      6%          1    None
 Freeze                   Ice            ##..         6%          1    None
 Summon Small Mammal      Summ           ##..         6%          1    None
 Slow                     Hex            ##......     10%         2    None
 Throw Icicle             Conj/Ice       ####....     10%         4    ##.....
 Ozocubu's Armour         Chrm/Ice       ##......     19%         3    None
 Portal Projectile        Hex/Tloc       ##....       19%         3    None
 Cause Fear               Hex            ##........   52%         4    ##.....
 Leda's Liquefaction      Hex/Erth       ##........   52%         4    ##.....
 Summon Ice Beast         Ice/Summ       ##......     52%         4    ##.....


Dungeon Overview and Level Annotations

Branches:
Dungeon (9/15)             Temple (1/1) D:6
   Lair: D:8-11         Orc: D:9-12

Altars:
Ashenzari
Cheibriados
Dithmenos
Elyvilon
Fedhas
Gozag
Hepliaklqana
Kikubaaqudgha
Makhleb
Nemelex Xobeh
Okawaru
Qazlal
Sif Muna
Trog
Uskayaw
Vehumet
Wu Jian
Xom
Yredelemnul
The Shining One

Shops:
D:6 (

Annotations:
D:7 1 runed translucent door, DildoBatman's ghost, novice FoWz


Innate Abilities, Weirdness & Mutations

You possess an exceptional clarity of mind.
Armour fits poorly on your strangely shaped body.
You are weak. (Str -2)


Message History

Press: ? - help, Shift-Dir - straight line, f - hippogriff
Aim: a hippogriff (severely wounded)
The sticky flame hits the hippogriff.
The hippogriff is severely wounded.
The hippogriff is covered in liquid flames!
The hippogriff burns!
The hippogriff bites you! The hippogriff misses you. The hippogriff claws you.
Casting: Sticky Flame (safe; 1% risk of failure)
Confirm with . or Enter, or press ? or * to list all spells.
Aiming: Flame Tongue (safe; 1% risk of failure)
Press: ? - help, Shift-Dir - straight line, f/p - hippogriff
Aim: a hippogriff (almost dead, covered in liquid flames)
The flame tongue misses the hippogriff.
The hippogriff burns!
The worker ant zombie is engulfed in blazing flames.
The hippogriff bites you.
* * * LOW HITPOINT WARNING * * *
The hippogriff pecks you.
* * * LOW HITPOINT WARNING * * *
The hippogriff claws you!
You die...

#. #.# ### #.. .%# #.[
#.# #o. #.# #..
####.#######
##.##..##H@........#
(....†))§Z##.#####.#
#......)####.#####.####
##.#..... ..#........#
# ##.########..#..##.#
# #. ##.###.##.##### #.
#..#....#.#.... #
##.#.#.##.#.### #....##
)#.###


You could see a hippogriff (burning) and a worker ant zombie.

Vanquished Creatures
  A two-headed ogre (D:6)
  A hornet (D:8)
  A hippogriff (D:7)
  2 orc warriors
  A sky beast (D:8)
  2 ogres
  3 phantoms
  2 centaurs
  A bullfrog (D:8)
  A wyvern skeleton (D:7)
  3 scorpions
  5 wights (D:8)
  3 howler monkeys
  3 crimson imps
  A hound (D:8)
  2 jellies
  7 orc wizards
  7 orc priests
  A centaur skeleton (D:7)
  3 iguanas
  7 worker ants
  A worker ant zombie (D:8)
  13 adders
  A shadow imp (D:7)
  3 oozes
  An adder skeleton (D:7)
  A worm (D:5)
  4 dart slugs
  2 leopard geckos
  38 orcs
  9 giant cockroaches
  8 goblins
  4 hobgoblins
  6 quokkas
  6 ball pythons
  5 bats
  6 frilled lizards
  A jackal zombie (D:8)
  5 kobolds
  2 quokka skeletons
  A quokka zombie (D:7)
  9 rats
183 creatures vanquished.

Notes
Turn   | Place    | Note
-------+----------+-------------------------------------------
     0 | D:1      | Honti the Deep Elf Fire Elementalist began the quest for
                  | the Orb.
     0 | D:1      | Reached XP level 1. HP: 10/10 MP: 6/6
   480 | D:1      | Reached XP level 2. HP: 15/15 MP: 4/8
  1038 | D:2      | Reached XP level 3. HP: 17/19 MP: 5/10
  1081 | D:2      | Learned a level 3 spell: Conjure Flame
  1165 | D:2      | Found a deep blue altar of Sif Muna.
  1166 | D:2      | Found a hazy altar of Hepliaklqana.
  1168 | D:2      | Found a shimmering altar of Xom.
  1168 | D:2      | Found an opulent altar of Gozag.
  1172 | D:2      | Found a hide-covered altar of Uskayaw.
  1173 | D:2      | Found a blossoming altar of Fedhas.
  1854 | D:3      | Reached XP level 4. HP: 22/24 MP: 0/11
  1965 | D:3      | Learned a level 4 spell: Sticky Flame
  2378 | D:3      | Reached XP level 5. HP: 28/28 MP: 0/13
  2954 | D:3      | Reached skill level 5 in Fire Magic
  3732 | D:4      | Reached XP level 6. HP: 21/32 MP: 9/14
  4260 | D:4      | Reached skill level 5 in Spellcasting
  4641 | D:4      | Got a smoking dagger
  4697 | D:4      | Identified the +6 dagger of Fee Simple {pierce, rElec rC+
                  | Str+4} (You found it on level 4 of the Dungeon)
  4761 | D:5      | Entered Level 5 of the Dungeon
  5027 | D:5      | Reached skill level 5 in Conjurations
  5027 | D:5      | Reached XP level 7. HP: 22/36 MP: 4/16
  5171 | D:5      | Found an ornate altar of the Wu Jian Council.
  5539 | D:5      | Found a glowing golden altar of the Shining One.
  6217 | D:6      | Found a staircase to the Ecumenical Temple.
  6245 | Temple   | Entered the Ecumenical Temple
  6305 | Temple   | Became a worshipper of Vehumet
  6542 | D:6      | Found Osazir's Weapon Boutique.
  6697 | D:6      | Found a shadowy altar of Dithmenos.
  6904 | D:6      | Noticed a two-headed ogre
  6974 | D:6      | Killed a two-headed ogre
  6974 | D:6      | Reached XP level 8. HP: 23/41 MP: 11/20
  7418 | D:7      | Found a shadowy altar of Dithmenos.
  7506 | D:7      | Learned a level 5 spell: Fireball
  7821 | D:7      | Found a shadowy altar of Dithmenos.
  8123 | D:7      | Reached skill level 1 in Fighting
  8123 | D:7      | Reached XP level 9. HP: 47/47 MP: 4/22
  8742 | D:7      | Found a runed translucent door.
  8742 | D:7      | Noticed DildoBatman's ghost (novice FoWz)
  9090 | D:8      | Reached * piety under Vehumet
  9090 | D:8      | Offered knowledge of Sting by Vehumet.
  9210 | D:8      | Gained mutation: Armour fits poorly on your strangely
                  | shaped body. [potion of mutation]
  9210 | D:8      | Gained mutation: You are weak. (Str -2) [potion of
                  | mutation]
  9210 | D:8      | Gained mutation: You possess an exceptional clarity of
                  | mind. [potion of mutation]
  9258 | D:8      | Found an iron altar of Okawaru.
  9258 | D:8      | Found a bloodstained altar of Trog.
  9814 | D:8      | Noticed a two-headed ogre
 10420 | D:9      | Offered knowledge of Sandblast by Vehumet.
 10428 | D:9      | Slain by a hippogriff

Skill      XL: |  1  2  3  4  5  6  7  8  9 |
---------------+----------------------------+-----
Conjurations   | 2 3 4 5 7 9 |  9.2
Fire Magic     | 4 5 6 8 9 |  9.8
Spellcasting   | 4 5 6 7 8 |  8.4
Fighting       | 1 2 |  2.5
Dodging        | 3 4 |  4.7
Stealth        | |  2.4

Action                   |  1- 3 |  4- 6 |  7- 9 || total
-------------------------+-------+-------+-------++-------
Melee: Dagger            |     3 |     9 |    47 ||    59
Throw: Stone             |       |       |     2 ||     2
 Cast: Flame Tongue      |    75 |   114 |   190 ||   379
       Sticky Flame      |       |     9 |    16 ||    25
       Conjure Flame     |       |     1 |    19 ||    20
       Fireball          |       |       |     8 ||     8
  Use: Scroll            |       |    13 |     7 ||    20
       Potion            |       |     3 |     2 ||     5
 Stab: Sleeping          |       |     1 |     8 ||     9
       Distracted        |       |       |     1 ||     1
  Eat: Chunk             |     3 |    10 |    16 ||    29
       Ration            |       |     1 |       ||     1
Armor: Robe              |     8 |    13 |    13 ||    34
       Skin              |       |       |     7 ||     7
Dodge: Dodged            |    29 |    32 |    37 ||    98
